Map: Deathaura LE

Players

LiquidClem (Clem) - Winner!

  • Race: Terran Terran
  • League: Grandmaster
  • Spawn Location: 5:00

Vanya

  • Race: Zerg Zerg
  • League: Master
  • Spawn Location: 11:00

Event: DreamHack SC2 Masters 2020 Winter

VOD

Have the link to the VOD?

Description

Time

  • Played on: Oct. 23, 2020, 11:13 a.m.
  • Length: 9:00

All games in this series

Show
View Real Time Build Order
Export as new Build Order

LiquidClem Terran - Winner!

Build Orders: Reaper Expand 

Get SALT Encoding   

  12  0:00  SCV  
  13  0:12  SCV  
  14  0:16  Supply Depot  
  14  0:24  SCV  
  15  0:38  SCV  
  15  0:39  Barracks  
  16  0:44  Refinery  
  16  0:50  SCV  
  17  1:02  SCV  
  18  1:14  SCV  
  19  1:26  Reaper  
  19  1:27  Orbital Command  
  20  1:39  Command Center  
  20  1:46  Supply Depot  
  20  1:52  SCV  
  21  1:58  Marine  
  22  2:04  SCV  
  23  2:11  Factory  
  23  2:16  SCV  
  23  2:21  Barracks Reactor  
  24  2:28  SCV  
  25  2:38  Command Center  
  25  2:41  SCV  
  26  2:51  Orbital Command  
  26  2:54  SCV  
  27  3:00  Barracks  
  27  3:07  SCV  
  27  3:09  Barracks Tech Lab, Hellion  
  30  3:13  Hellion  
  30  3:17  SCV  
  30  3:19  SCV  
  34  3:20  Refinery  
  34  3:27  Marine, Stimpack  
  34  3:29  SCV  
  34  3:31  SCV  
  37  3:41  SCV  
  37  3:42  Refinery  
  37  3:43  SCV  
  37  3:45  Marine  
  40  3:49  Starport  
  40  3:50  Orbital Command  
  40  3:54  Marine x2  
  40  3:55  Factory Reactor  
  42  3:56  SCV  
  42  3:58  SCV  
  44  4:03  Marine  
  44  4:09  SCV  
  44  4:10  SCV  
  44  4:12  Marine x2  
  44  4:17  SCV  
  48  4:21  Marine, SCV, Supply Depot  
  48  4:22  SCV  
  51  4:29  Barracks  
  51  4:30  Marine  
  51  4:31  SCV  
  53  4:34  Marine  
  53  4:35  Medivac  
  53  4:36  Medivac, SCV  
  53  4:38  Factory Reactor  
  59  4:42  Marine, Orbital Command  
  59  4:43  Refinery  
  59  4:45  SCV  
  61  4:46  Supply Depot  
  61  4:47  Marine  
  61  4:49  SCV  
  63  4:54  Marine  
  63  4:55  Supply Depot  
  63  4:57  SCV  
  65  5:00  Factory, Marine  
  65  5:02  Armory  
  65  5:03  SCV  
  65  5:05  Marine  
  68  5:09  SCV, Supply Depot  
  68  5:12  SCV  
  70  5:15  Marine, SCV  
  70  5:17  Widow Mine x2, Barracks Reactor  
  70  5:18  Marine  
  70  5:21  SCV  
  78  5:24  SCV, Marine  
  78  5:27  Supply Depot  
  80  5:32  SCV  
  80  5:33  Marine  
  82  5:36  Marine  
  82  5:39  Widow Mine  
  82  5:40  SCV  
  82  5:42  Marine  
  87  5:43  Combat Shield  
  87  5:45  Factory Tech Lab  
  87  5:48  Widow Mine, Engineering Bay  
  87  5:49  SCV, Engineering Bay  
  90  5:51  Marine  
  90  5:53  Medivac  
  90  5:54  Marine x2  
  90  5:56  Medivac  
  96  5:59  SCV x2, Marine  
  96  6:01  SCV, Supply Depot, Marine  
  101  6:06  Supply Depot  
  101  6:09  Drilling Claws  
  101  6:16  Barracks x2  
  101  6:17  Terran Infantry Weapons Level 1  
  101  6:19  Terran Infantry Armor Level 1  
  101  6:22  Marine, SCV  
  101  6:23  Widow Mine, SCV  
  106  6:26  SCV, Supply Depot  
  106  6:28  Marine  
  106  6:30  Supply Depot  
  106  6:31  Widow Mine  
  106  6:32  Widow Mine  
  112  6:33  Marine  
  112  6:34  Supply Depot, Marine  
  112  6:35  Marine  
  112  6:37  SCV  
  116  6:40  Marine  
  116  6:42  SCV  
  116  6:45  Refinery  
  117  6:47  Marine  
  117  6:49  SCV  
  117  6:50  Supply Depot, SCV  
  117  6:51  Widow Mine, Marine  
  117  6:52  Marine  
  124  6:55  Widow Mine  
  124  6:56  Marine, Supply Depot  
  124  6:58  Widow Mine  
  124  6:59  SCV  
  130  7:05  Supply Depot, Barracks Reactor x2  
  130  7:07  Marine  
  131  7:13  Widow Mine  
  133  7:17  Widow Mine  
  133  7:20  Widow Mine  
  136  7:23  Marine x2  
  136  7:24  Command Center  
  138  7:31  Supply Depot  
  138  7:34  Widow Mine  
  130  7:38  Widow Mine  
  130  7:41  Widow Mine, Medivac  
  126  7:45  Medivac  
  126  7:46  Marine x5, Marauder  
  126  7:47  Marine  
  126  7:48  Marine  
  135  7:55  Widow Mine  
  135  7:56  SCV x2, Marine  
  135  7:57  Missile Turret x2  
  140  7:58  SCV  
  140  8:03  Widow Mine  
  140  8:04  Marine  
  144  8:05  Marine  
  144  8:06  Marine  
  144  8:08  Marine  
  144  8:11  Medivac  
  144  8:12  Marine x2, Missile Turret, Supply Depot  
  151  8:15  Medivac  
  151  8:16  SCV  
  152  8:25  Widow Mine  
  139  8:31  Widow Mine, Marine x2  
  139  8:32  SCV  
  139  8:33  Widow Mine, Marine  
  140  8:34  Marine x5  
  140  8:36  Marauder  
Show
View Real Time Build Order
Export as new Build Order

Vanya Zerg 

Build Orders: Hatch First, Muta Ling Bane 

Get SALT Encoding   

  12  0:00  Drone  
  13  0:14  Overlord  
  13  0:16  Drone  
  14  0:33  Drone x2  
  16  0:47  Hatchery  
  15  0:51  Drone  
  15  0:55  Drone  
  17  0:58  Drone  
  18  1:09  Extractor  
  17  1:13  Spawning Pool  
  17  1:16  Drone  
  17  1:20  Drone  
  18  1:30  Drone  
  19  1:41  Drone  
  20  1:52  Drone  
  21  2:02  Queen x2  
  21  2:03  Zergling x4  
  27  2:17  Hatchery  
  27  2:19  Overlord  
  27  2:21  Drone  
  27  2:24  Drone  
  28  2:30  Metabolic Boost  
  27  2:38  Drone x2  
  27  2:39  Drone  
  27  2:42  Drone  
  31  2:49  Overlord  
  31  2:52  Queen  
  31  2:55  Drone  
  31  2:57  Drone  
  35  3:09  Drone x2  
  37  3:14  Drone x2  
  37  3:16  Overlord  
  39  3:24  Drone x2  
  41  3:29  Queen  
  41  3:30  Queen  
  41  3:32  Overlord  
  45  3:36  Drone x2  
  45  3:37  Drone  
  48  3:46  Zergling x6  
  51  3:49  Drone x2  
  51  3:53  Drone  
  54  3:56  Drone  
  54  3:58  Drone  
  54  4:00  Extractor  
  55  4:03  Evolution Chamber  
  55  4:04  Drone x3  
  55  4:05  Evolution Chamber  
  55  4:08  Drone x2  
  57  4:11  Queen  
  57  4:16  Overlord  
  59  4:18  Drone x4  
  63  4:27  Zergling x4  
  65  4:31  Zerg Melee Weapons Level 1  
  65  4:33  Zerg Ground Armor Level 1  
  65  4:37  Drone x4, Extractor  
  68  4:43  Queen  
  70  4:46  Overlord x2  
  70  4:48  Drone x2  
  70  4:49  Drone  
  70  4:51  Lair  
  73  5:04  Baneling Nest  
  73  5:05  Drone  
  73  5:06  Drone x4, Overlord  
  77  5:15  Drone x2  
  77  5:17  Hatchery  
  77  5:19  Drone x2, Extractor  
  79  5:22  Drone x5  
  79  5:24  Drone  
  79  5:26  Drone, Extractor  
  79  5:27  Extractor  
  84  5:29  Zergling x6  
  84  5:30  Zergling x2  
  88  5:38  Zergling x2  
  88  5:39  Zergling x4  
  91  5:46  Zergling x6  
  94  5:52  Zergling x10  
  94  5:55  Hatchery  
  96  5:58  Spire  
  96  6:03  Zergling x6  
  97  6:07  Centrifical Hooks  
  97  6:09  Zergling x2  
  98  6:11  Overlord x2  
  98  6:20  Overseer  
  98  6:24  Baneling x3  
  98  6:25  Baneling x2  
  98  6:26  Zerg Melee Weapons Level 2  
  98  6:28  Overlord x2  
  98  6:30  Drone x2  
  98  6:31  Zerg Ground Armor Level 2  
  98  6:32  Zergling x12  
  105  6:42  Zergling x10  
  110  7:00  Drone x2  
  112  7:05  Overlord  
  112  7:08  Overlord  
  112  7:10  Mutalisk x6  
  112  7:12  Overlord  
  124  7:18  Mutalisk  
  124  7:20  Zergling x12  
  132  7:23  Drone  
  132  7:25  Drone x3  
  134  7:31  Zergling x6  
  136  7:37  Spore Crawler  
  136  7:39  Spore Crawler  
  136  7:40  Zergling x12  
  136  7:43  Zergling x2  
  136  7:44  Zergling x4  
  123  7:47  Zergling x2  
  125  7:53  Zergling x2  
  125  7:54  Zergling x10  
  125  7:55  Baneling x7  
  125  7:57  Mutalisk x3  
  137  7:59  Baneling  
  137  8:00  Baneling x2  
  137  8:02  Zergling x4  
  137  8:07  Zergling x4  
  137  8:10  Zergling x4  
  137  8:11  Overseer  
  141  8:14  Zergling x8  
  141  8:17  Baneling x7  
  141  8:18  Zergling x2  
  142  8:26  Zergling x12  
  129  8:31  Zergling x2  
  129  8:32  Zergling x12  
  114  8:36  Zergling x2  
Tags
 
Add a new tag
Caveats
  • Supply blocks, unpowered buildings, or Contaminate may cause inaccurate times.
  • Supply counts are checked every 10 seconds.